3AAA
PORT ROYAL DISASTER @ HAMILTON COYOTES
05/01/2026
 
TOP OF THE 1ST
Port Royal Disaster batting - Pitching for Hamilton Coyotes : LHP Roger Shaw
Pitching: LHP Roger Shaw
Batting: RHB Aurelio García 0-0: SINGLE (Groundball, 6D)
Batting: RHB Brandon Cooper 0-0: Called Strike
0-1: Called Strike
0-2: Ball
1-2: Foul Ball, location: 2F
1-2: Ball
Aurelio García steals 2nd base
2-2: Foul Ball, location: 2F
2-2: Ball
3-2: Foul Ball, location: 2F
3-2: DOUBLE (Line Drive, 8RD)
Aurelio García scores
Batting: RHB Manuel Becerra 0-0: DOUBLE (Line Drive, 78M)
Brandon Cooper scores
Batting: RHB Javier Martínez 0-0: Called Strike
0-1: Ground out 4-3 (Groundball, 4)
Manuel Becerra to third
Batting: LHB Chia-ch'ing Dodman 0-0: Ball
1-0: Called Strike
1-1: Ball
2-1: Foul Ball, location: 2F
2-2: Ball
3-2: Foul Ball, location: 2F
3-2: Base on Balls
Batting: RHB Mike Green 0-0: Called Strike
0-1: Swinging Strike
0-2: Strikes out looking
Batting: SHB Arsenio Sameiro 0-0: Called Strike
0-1: Ball
1-1: Foul Ball, location: 2F
1-2: Foul Ball, location: 2F
1-2: Ball
2-2: Foul Ball, location: 2F
2-2: Ball
3-2: Base on Balls
Chia-ch'ing Dodman to second
Batting: RHB Ronnie Cleveland 0-0: Called Strike
0-1: Ball
1-1: Ball
2-1: Ball
3-1: Swinging Strike
3-2: Foul Ball, location: 2F
3-2: Base on Balls
Manuel Becerra scores
Chia-ch'ing Dodman to third
Arsenio Sameiro to second
Batting: RHB David McJannett 0-0: Foul Ball, location: 2F
0-1: Ball
1-1: Ball
2-1: Called Strike
2-2: Foul Ball, location: 2F
2-2: Strikes out swinging
Top of the 1st over - 3 run(s), 3 hit(s), 0 error(s), 3 left on base; Port Royal 3 - Hamilton 0
BOTTOM OF THE 1ST
Hamilton Coyotes batting - Pitching for Port Royal Disaster : RHP Juan Guillén
Pitching: RHP Juan Guillén
Batting: RHB Alfredo Cardenas 0-0: Ball
1-0: Ball
2-0: Foul Ball, location: 2F
2-1: Called Strike
2-2: Foul Ball, location: 2F
2-2: Strikes out swinging
Batting: RHB Monty Sharp 0-0: Called Strike
0-1: Swinging Strike
0-2: Ball
1-2: Strikes out swinging
Batting: RHB Wei-qiang Mo 0-0: Called Strike
0-1: Foul Ball, location: 2F
0-2: Ground out 5-3 (Groundball, 56)
Bottom of the 1st over - 0 run(s), 0 hit(s), 0 error(s), 0 left on base; Port Royal 3 - Hamilton 0
TOP OF THE 2ND
Port Royal Disaster batting - Pitching for Hamilton Coyotes : LHP Roger Shaw
Batting: RHB Aurelio García 0-0: Called Strike
0-1: Ball
1-1: Ball
2-1: Ball
3-1: Base on Balls
Batting: RHB Brandon Cooper 0-0: Foul Ball, location: 2F
0-1: Ball
1-1: SINGLE (Line Drive, 8LM)
Aurelio García to second
Runner from 2nd tries for 3rd, SAFE, no throw
Batting: RHB Manuel Becerra 0-0: Foul Ball, location: 2F
0-1: Ball
1-1: SINGLE (Flyball, 89S)
Aurelio García scores
Brandon Cooper to second
Batting: RHB Javier Martínez 0-0: Foul Ball, location: 2F
0-1: Foul Ball, location: 2F
0-2: Foul Ball, location: 2F
0-2: Ball
1-2: Fly out, F1 (Line Drive, 13)
Batting: LHB Chia-ch'ing Dodman 0-0: Foul Ball, location: 2F
0-1: Foul Ball, location: 2F
0-2: Foul Ball, location: 2F
0-2: Ball
1-2: Fly out, F7 (Flyball, 7D)
Batting: RHB Mike Green 0-0: Foul Ball, location: 2F
0-1: Foul Ball, location: 2F
0-2: Ball
1-2: SINGLE (Line Drive, 89M)
Brandon Cooper to third
Manuel Becerra to second
Runner from 3rd tries for Home, SAFE, no throw
Batting: SHB Arsenio Sameiro 0-0: Called Strike
0-1: Ball
Mike Green is caught stealing 2nd base
Top of the 2nd over - 2 run(s), 3 hit(s), 0 error(s), 0 left on base; Port Royal 5 - Hamilton 0
BOTTOM OF THE 2ND
Hamilton Coyotes batting - Pitching for Port Royal Disaster : RHP Juan Guillén
Batting: RHB EP Weston 0-0: Ball
1-0: Called Strike
1-1: Ground out 6-3 (Groundball, 6)
Batting: RHB Héctor Rojas 0-0: Called Strike
0-1: Ball
1-1: Foul Ball, location: 2F
1-2: Strikes out swinging
Batting: LHB Tommy Sullivan 0-0: Ball
1-0: SINGLE (Line Drive, 78S)
Batting: RHB Noel Wells 0-0: Ball
Tommy Sullivan steals 2nd base
1-0: Ball
2-0: DOUBLE (Flyball, 78D)
Tommy Sullivan scores
Batting: RHB Ralph May 0-0: Called Strike
0-1: Ball
1-1: Ball
2-1: Called Strike
2-2: Ball
3-2: Foul Ball, location: 2F
3-2: Foul Ball, location: 2F
3-2: Foul Ball, location: 2F
3-2: Strikes out swinging
Bottom of the 2nd over - 1 run(s), 2 hit(s), 0 error(s), 1 left on base; Port Royal 5 - Hamilton 1
TOP OF THE 3RD
Port Royal Disaster batting - Pitching for Hamilton Coyotes : LHP Roger Shaw
Batting: SHB Arsenio Sameiro 0-0: Called Strike
0-1: Ball
1-1: Fly out, F7 (Flyball, 7)
Batting: RHB Ronnie Cleveland 0-0: Called Strike
0-1: Foul Ball, location: 2F
0-2: Ball
1-2: Reached on error, E5 (Groundball, 5)
Batting: RHB David McJannett 0-0: Ball
1-0: Swinging Strike
Ronnie Cleveland is caught stealing 2nd base
1-1: Foul Ball, location: 2F
1-2: Ball
2-2: Foul Ball, location: 2F
2-2: Ball
3-2: Fly out, F4 (Popup, 4MD)
Top of the 3rd over - 0 run(s), 0 hit(s), 1 error(s), 0 left on base; Port Royal 5 - Hamilton 1
BOTTOM OF THE 3RD
Hamilton Coyotes batting - Pitching for Port Royal Disaster : RHP Juan Guillén
Batting: RHB Rodrigo Pagán 0-0: Called Strike
0-1: Ball
1-1: Called Strike
1-2: SINGLE (Groundball, 34D) (infield hit)
Batting: RHB Alfredo Cardenas 0-0: Called Strike
0-1: Called Strike
0-2: SINGLE (Line Drive, 34)
Rodrigo Pagán to second
Runner from 2nd tries for 3rd, OUT!
Batting: RHB Monty Sharp 0-0: SINGLE (Groundball, 4S) (infield hit)
Alfredo Cardenas to second
Batting: RHB Wei-qiang Mo 0-0: Ball
1-0: Ball
2-0: Foul Ball, location: 2F
2-1: Fly out, F6 (Popup, 6S)
Batting: RHB EP Weston 0-0: Ball
1-0: Foul Ball, location: 2F
1-1: Foul Ball, location: 2F
1-2: Fly out, F7 (Flyball, 7LS)
Bottom of the 3rd over - 0 run(s), 3 hit(s), 0 error(s), 2 left on base; Port Royal 5 - Hamilton 1
TOP OF THE 4TH
Port Royal Disaster batting - Pitching for Hamilton Coyotes : LHP Roger Shaw
Batting: RHB Aurelio García 0-0: Ball
1-0: Ball
2-0: Ball
3-0: Base on Balls
Batting: RHB Brandon Cooper 0-0: Foul Ball, location: 2F
0-1: Ball
1-1: Ball
2-1: 2-RUN HOME RUN (Flyball, 7D), Distance : 371 ft
Batting: RHB Manuel Becerra 0-0: Ball
1-0: Called Strike
1-1: Ball
2-1: SINGLE (Groundball, 6MD)
Pitching: LHP Reynaldo Sánchez
Batting: RHB Javier Martínez 0-0: Called Strike
0-1: Ball
Manuel Becerra steals 2nd base
1-1: Foul Ball, location: 2F
1-2: Strikes out looking
Batting: LHB Chia-ch'ing Dodman 0-0: Called Strike
0-1: Ground out U3 (Groundball, 34)
Manuel Becerra to third
Batting: RHB Mike Green 0-0: Called Strike
0-1: Called Strike
0-2: Ball
1-2: Ball
2-2: Foul Ball, location: 2F
2-2: Ball
3-2: Base on Balls
Batting: SHB Arsenio Sameiro 0-0: Hit by Pitch
Mike Green to second
Batting: RHB Ronnie Cleveland 0-0: Called Strike
0-1: Swinging Strike
0-2: Ball
1-2: Strikes out swinging
Top of the 4th over - 2 run(s), 2 hit(s), 0 error(s), 3 left on base; Port Royal 7 - Hamilton 1
BOTTOM OF THE 4TH
Hamilton Coyotes batting - Pitching for Port Royal Disaster : RHP Juan Guillén
Batting: RHB Héctor Rojas 0-0: Called Strike
0-1: Swinging Strike
0-2: Ball
1-2: SINGLE (Flyball, 8RS)
Batting: LHB Tommy Sullivan 0-0: Called Strike
0-1: Foul Ball, location: 2F
0-2: Foul Ball, location: 2F
0-2: Ball
1-2: Foul Ball, location: 2F
1-2: Ball
2-2: Grounds into double play, 6-4-3 (Groundball, 6)
Batting: RHB Noel Wells 0-0: Ball
1-0: Ball
2-0: Ball
3-0: Called Strike
3-1: Base on Balls
Batting: RHB Ralph May 0-0: Called Strike
0-1: Ball
1-1: Foul Ball, location: 2F
1-2: Foul Ball, location: 2F
1-2: Strikes out swinging
Bottom of the 4th over - 0 run(s), 1 hit(s), 0 error(s), 1 left on base; Port Royal 7 - Hamilton 1
TOP OF THE 5TH
Port Royal Disaster batting - Pitching for Hamilton Coyotes : LHP Reynaldo Sánchez
Batting: RHB David McJannett 0-0: Called Strike
0-1: Ball
1-1: Ball
2-1: Ball
3-1: Called Strike
3-2: Base on Balls
Batting: RHB Aurelio García 0-0: Ball
1-0: Swinging Strike
1-1: Swinging Strike
1-2: Strikes out looking
Batting: RHB Brandon Cooper 0-0: Ball
1-0: Called Strike
1-1: Ball
2-1: Foul Ball, location: 2F
2-2: Ball
3-2: Grounds into double play, 6-4-3 (Groundball, 6M)
Top of the 5th over - 0 run(s), 0 hit(s), 0 error(s), 0 left on base; Port Royal 7 - Hamilton 1
BOTTOM OF THE 5TH
Hamilton Coyotes batting - Pitching for Port Royal Disaster : RHP Juan Guillén
Batting: RHB Rodrigo Pagán 0-0: Ball
1-0: Ball
2-0: Ball
3-0: Called Strike
3-1: Ground out 3-1 (Groundball, 34S)
Batting: RHB Alfredo Cardenas 0-0: Ball
1-0: Ground out 6-3 (Groundball, 56)
Batting: RHB Monty Sharp 0-0: Ball
1-0: Ground out 6-3 (Groundball, 6)
Bottom of the 5th over - 0 run(s), 0 hit(s), 0 error(s), 0 left on base; Port Royal 7 - Hamilton 1
TOP OF THE 6TH
Port Royal Disaster batting - Pitching for Hamilton Coyotes : LHP Reynaldo Sánchez
Batting: RHB Manuel Becerra 0-0: Called Strike
0-1: Ball
1-1: Ball
2-1: Swinging Strike
2-2: Hit by Pitch
Batting: RHB Javier Martínez 0-0: Ball
1-0: 2-RUN HOME RUN (Line Drive, 9LD), Distance : 351 ft
Batting: LHB Chia-ch'ing Dodman 0-0: Ball
1-0: Ball
2-0: Foul Ball, location: 2F
2-1: Swinging Strike
2-2: Strikes out swinging
Batting: RHB Mike Green 0-0: Ground out 6-3 (Groundball, 6)
Batting: SHB Arsenio Sameiro 0-0: Called Strike
0-1: Ball
1-1: Ground out 5-3 (Groundball, 56S)
Top of the 6th over - 2 run(s), 1 hit(s), 0 error(s), 0 left on base; Port Royal 9 - Hamilton 1
BOTTOM OF THE 6TH
Hamilton Coyotes batting - Pitching for Port Royal Disaster : RHP Juan Guillén
Pitching: RHP Fred Wilson
Batting: RHB Wei-qiang Mo 0-0: Foul Ball, location: 2F
0-1: SINGLE (Line Drive, 56)
Batting: RHB EP Weston 0-0: Fly out, F8 (Flyball, 8RM)
Batting: RHB Héctor Rojas 0-0: Ball
Wei-qiang Mo is caught stealing 2nd base
1-0: Ground out 3-1 (Groundball, 34)
Bottom of the 6th over - 0 run(s), 1 hit(s), 0 error(s), 0 left on base; Port Royal 9 - Hamilton 1
TOP OF THE 7TH
Port Royal Disaster batting - Pitching for Hamilton Coyotes : LHP Reynaldo Sánchez
Batting: RHB Ronnie Cleveland 0-0: Called Strike
0-1: Ball
1-1: Ball
2-1: Foul Ball, location: 2F
2-2: Ball
3-2: Base on Balls
Batting: RHB David McJannett 0-0: Foul Ball, location: 2F
0-1: Foul Ball, location: 2F
0-2: Foul Ball, location: 2F
0-2: Ball
1-2: Ball
2-2: Foul Ball, location: 2F
2-2: Ball
3-2: Base on Balls
Ronnie Cleveland to second
Batting: RHB Aurelio García 0-0: Ball
1-0: Called Strike
1-1: Ball
2-1: Ball
3-1: Foul Ball, location: 2F
3-2: SINGLE (Groundball, 6MD)
Ronnie Cleveland to third
David McJannett to second
Batting: RHB Brandon Cooper 0-0: Ball
1-0: Ball
2-0: Ball
3-0: Called Strike
3-1: Called Strike
3-2: Foul Ball, location: 2F
3-2: SINGLE (Line Drive, 6MD)
Ronnie Cleveland scores
David McJannett to third
Aurelio García to second
Batting: RHB Manuel Becerra 0-0: Swinging Strike
0-1: Ball
1-1: Fielders Choice at 2nd, 4-6 (Groundball, 4M)
David McJannett scores
Aurelio García to third
Pitching: RHP Jim Unknown
Batting: RHB Javier Martínez 0-0: Called Strike
0-1: Ball
1-1: Ball
Manuel Becerra steals 2nd base
2-1: Ball
3-1: Fly out, F5 (Line Drive, 5S)
Batting: LHB Chia-ch'ing Dodman 0-0: Foul Ball, location: 2F
0-1: Foul Ball, location: 2F
0-2: Ball
1-2: Strikes out looking
Top of the 7th over - 2 run(s), 2 hit(s), 0 error(s), 2 left on base; Port Royal 11 - Hamilton 1
BOTTOM OF THE 7TH
Hamilton Coyotes batting - Pitching for Port Royal Disaster : RHP Fred Wilson
Batting: LHB Tommy Sullivan 0-0: Called Strike
0-1: Called Strike
0-2: Ball
1-2: Ball
2-2: Foul Ball, location: 2F
2-2: Foul Ball, location: 2F
2-2: SINGLE (Groundball, 4D)
Batting: RHB Noel Wells 0-0: Called Strike
0-1: Foul Ball, location: 2F
0-2: Foul Ball, location: 2F
0-2: Ball
1-2: Grounds into double play, 5-4-3 (Groundball, 5)
Batting: RHB Ralph May 0-0: Reached via error on a dropped throw, E3
Batting: RHB Rodrigo Pagán 0-0: Ball
1-0: Ball
2-0: Foul Ball, location: 2F
2-1: DOUBLE (Line Drive, 78XD)
Ralph May to third
Runner from 3rd tries for Home, throw and OUT!
Bottom of the 7th over - 0 run(s), 2 hit(s), 1 error(s), 1 left on base; Port Royal 11 - Hamilton 1
TOP OF THE 8TH
Port Royal Disaster batting - Pitching for Hamilton Coyotes : RHP Jim Unknown
Batting: RHB Mike Green 0-0: Foul Ball, location: 2F
0-1: Fly out, F7 (Flyball, 7LMF)
Batting: SHB Arsenio Sameiro 0-0: Ball
1-0: Ball
2-0: Ground out 4-3 (Groundball, 4)
Batting: RHB Ronnie Cleveland 0-0: Ball
1-0: Ball
2-0: Swinging Strike
2-1: Ball
3-1: Base on Balls
Batting: RHB David McJannett 0-0: Ball
1-0: Called Strike
1-1: Foul Ball, location: 2F
1-2: Foul Ball, location: 2F
1-2: Fielders Choice at 2nd, 5-4 (Groundball, 56)
Top of the 8th over - 0 run(s), 0 hit(s), 0 error(s), 0 left on base; Port Royal 11 - Hamilton 1
BOTTOM OF THE 8TH
Hamilton Coyotes batting - Pitching for Port Royal Disaster : RHP Fred Wilson
Now at SS: Barnett Armstrong
Batting: RHB Alfredo Cardenas 0-0: Ball
1-0: Called Strike
1-1: Ball
2-1: Ground out 6-3 (Groundball, 6)
Batting: RHB Monty Sharp 0-0: Ball
1-0: SINGLE (Groundball, 56S) (infield hit)
Batting: RHB Wei-qiang Mo 0-0: SINGLE (Line Drive, 8LS)
Monty Sharp to second
Batting: RHB EP Weston 0-0: Called Strike
0-1: Ball
1-1: Ball
2-1: Ball
3-1: Base on Balls
Monty Sharp to third
Wei-qiang Mo to second
Batting: RHB Héctor Rojas 0-0: Fly out, F9 (Flyball, 9LD)
Runner from 3rd tags up, SCORES, no throw
Batting: LHB Tommy Sullivan 0-0: Called Strike
0-1: Ball
1-1: Swinging Strike
1-2: Ball
Wild Pitch!
Wei-qiang Mo to third
EP Weston to second
2-2: Ball
3-2: Base on Balls
Batting: RHB Noel Wells 0-0: Ball
1-0: Foul Ball, location: 2F
1-1: SINGLE (Line Drive, 5)
Wei-qiang Mo scores
EP Weston to third
Tommy Sullivan to second
Runner from 3rd tries for Home, SAFE, throw made home
Tommy Sullivan to third
Noel Wells to second
Batting: RHB Ralph May 0-0: Called Strike
0-1: Ball
1-1: Ball
2-1: Fly out, F9 (Flyball, 9LS)
Bottom of the 8th over - 3 run(s), 3 hit(s), 0 error(s), 2 left on base; Port Royal 11 - Hamilton 4
TOP OF THE 9TH
Port Royal Disaster batting - Pitching for Hamilton Coyotes : RHP Jim Unknown
Pitching: LHP Jim Unknown
Batting: RHB Aurelio García 0-0: Foul Ball, location: 2F
0-1: Swinging Strike
0-2: Strikes out swinging
Pitching: RHP John Ashley
Batting: RHB Brandon Cooper 0-0: Ball
1-0: Ball
2-0: Ball
3-0: Base on Balls
Batting: RHB Manuel Becerra 0-0: Fielders Choice at 2nd, 6-4 (Groundball, 56)
Batting: RHB Javier Martínez 0-0: Ball
1-0: Called Strike
1-1: DOUBLE (Flyball, 78M)
Manuel Becerra to third
Runner from 3rd tries for Home, throw and OUT!
Top of the 9th over - 0 run(s), 1 hit(s), 0 error(s), 1 left on base; Port Royal 11 - Hamilton 4
BOTTOM OF THE 9TH
Hamilton Coyotes batting - Pitching for Port Royal Disaster : RHP Fred Wilson
Now at 1B: Davis Mills
Batting: RHB Rodrigo Pagán 0-0: Foul Ball, location: 2F
0-1: Ball
1-1: Ball
2-1: Foul Ball, location: 2F
2-2: Strikes out swinging
Batting: RHB Alfredo Cardenas 0-0: Swinging Strike
0-1: Called Strike
0-2: Foul Ball, location: 2F
0-2: Ball
1-2: Ball
2-2: Fly out, F6 (Popup, 6D)
Batting: RHB Monty Sharp 0-0: Called Strike
0-1: Swinging Strike
0-2: SINGLE (Groundball, 56D)
Batting: RHB Wei-qiang Mo 0-0: Fly out, F9 (Flyball, 89M)
Bottom of the 9th over - 0 run(s), 1 hit(s), 0 error(s), 1 left on base; Port Royal 11 - Hamilton 4
Monday, March 20th, 2017 - OOTP Baseball 17.12 Build 75